 Dungeon Crawl Stone Soup version 0.29.0-5-ge4962eb29e (webtiles) character file.

Game seed: 4453214948782473279

22364 Lochraine the Geomancer (level 12, -4/73 HPs)
             Began as a Gargoyle Earth Elementalist on Aug 28, 2022.
             Was a Priest of Sif Muna.
             Killed from afar by an oklob plant (12 damage)
             ... with a splash of acid
             ... on level 3 of the Lair of Beasts.
             The game lasted 00:54:39 (17690 turns).

Lochraine the Geomancer (GrEE)                     Turns: 17690, Time: 00:54:40

Health: -4/73      AC:  4    Str: 12    XL:     12   Next: 99%
Magic:  30/33      EV: 13    Int: 21    God:    Sif Muna [***...]
Gold:   693        SH:  0    Dex: 10    Spells: 2/27 levels left

rFire   + . .      SeeInvis .   H - +3 woodcutter's axe {vorpal}
rCold   + . .      Faith    +   (shield currently unavailable)
rNeg    + . .      Spirit   .   a - +0 robe
rPois   ∞          Reflect  .   G - +1 hat
rElec   +          Harm     .   e - scarf {rC+ rF+}
rCorr   .          Rampage  .   (no gloves)
Will    .....                   w - +0 pair of boots
Stlth   ++........              K - amulet of faith {!P}
HPRegen 0.22/turn               l - ring of magical power
MPRegen 0.23/turn               J - +4 ring of protection

@: corroded
A: sickness immunity, AC +8, negative energy resistance 1, electricity
resistance, torment resistance 1, petrification resistance
a: Renounce Religion, Channel Magic, Forget Spell


You were on level 3 of the Lair of Beasts.
You worshipped Sif Muna.
Sif Muna was most pleased with you.
You visited 3 branches of the dungeon, and saw 14 of its levels.

You collected 753 gold pieces.
You spent 60 gold pieces at shops.

Inventory:

Hand Weapons
 H - the +3 woodcutter's axe (weapon) {vorpal}
   (You took it off a gnoll on level 5 of the Dungeon)

   It inflicts extra damage upon your enemies.
Armour
 a - a +0 robe (worn)
 e - a scarf of resistance (worn)
   (You acquired it on level 9 of the Dungeon)
 k - an orb of mayhem
   (You found it on level 1 of the Lair of Beasts)
 w - a +0 pair of boots (worn)
   (You found it on level 1 of the Lair of Beasts)
 A - a +0 scale mail
   (You found it on level 1 of the Lair of Beasts)
 D - a +0 scale mail
   (You found it on level 2 of the Lair of Beasts)
 G - a +1 hat (worn)
   (You found it on level 5 of the Dungeon)
 M - a +0 scale mail
   (You found it on level 2 of the Lair of Beasts)
 P - a scarf of shadows
   (You found it on level 3 of the Lair of Beasts)
Magical Staves
 I - a staff of fire
   (You found it on level 7 of the Dungeon)
Jewellery
 l - a ring of magical power (left hand)
   (You found it on level 3 of the Dungeon)
 J - a +4 ring of protection (right hand)
   (You found it on level 6 of the Dungeon)
 K - an amulet of faith (around neck) {!P}
   (You found it on level 2 of the Lair of Beasts)
 L - a +6 ring of strength
   (You found it on level 8 of the Dungeon)
Wands
 d - a wand of iceblast (1)
   (You found it on level 7 of the Dungeon)
 i - a wand of mindburst (14)
   (You took it off Maurice on level 8 of the Dungeon)
 t - a wand of flame (2)
   (You took it off a kobold demonologist on level 10 of the Dungeon)
 u - a wand of paralysis (12)
   (You found it on level 4 of the Dungeon)
 v - a wand of digging (5)
   (You took it off Ijyb on level 5 of the Dungeon)
Scrolls
 c - a scroll of summoning
 g - 2 scrolls of silence
 j - 3 scrolls of enchant armour
 m - 3 scrolls of enchant weapon
 q - 2 scrolls of magic mapping
 s - a scroll of brand weapon
 x - a scroll of identify {@r1}
 y - 2 scrolls of blinking
 C - a scroll of fear
 E - 2 scrolls of vulnerability {!r}
 N - a scroll of butterflies
 R - 3 scrolls of teleportation {@r4}
 S - 2 scrolls of poison
Potions
 b - 3 potions of magic
 f - 7 potions of curing {@q1}
 h - a potion of berserk rage
 n - 2 potions of flight
 o - 4 potions of mutation {!q}
 p - 2 potions of resistance
 r - a potion of might
 z - 5 potions of brilliance
 B - a potion of haste {@q3}
 F - 3 potions of cancellation
 Q - a potion of ambrosia
Miscellaneous
 O - a tin of tremorstones (1/2)
   (You found it on level 9 of the Dungeon)


   Skills:
 + Level 7.8 Fighting
 + Level 5.1 Dodging
 - Level 4.3 Stealth
 - Level 8.3 Spellcasting
 + Level 10.2 Conjurations
 * Level 4.0 Summonings
 - Level 4.0 Translocations
 - Level 6.2 Transmutations
 - Level 10.5 Earth Magic
 - Level 6.5 Invocations


You had 2 spell levels left.
You knew the following spells:

 Your Spells              Type           Power      Damage    Failure   Level
a - Sandblast             Erth           100%       2d20      1%          1
b - Stone Arrow           Conj/Erth      100%       3d13      1%          3
c - Passwall              Tmut/Erth      35%        N/A       1%          2
d - Petrify               Tmut/Erth      43%        N/A       2%          4
e - Teleport Other        Tloc           25%        N/A       4%          3
f - Irradiate             Conj/Tmut      21%        3d18      8%          5
g - Spellforged Servitor  Conj/Summ      19%        N/A       98%         7

Your spell library contained the following spells:

 Spells                   Type           Power      Damage    Failure   Level
 Magic Dart               Conj           100%       1d8       1%          1
 Gell's Gravitas          Tloc           25%        N/A       4%          3
 Lesser Beckoning         Tloc           25%        N/A       4%          3
 Mephitic Cloud           Conj/Pois/Air  23%        N/A       6%          3
 Ignite Poison            Fire/Tmut/Pois 17%        N/A       10%         3
 Sticky Flame             Conj/Fire      30%        2d5       10%         4
 Blade Hands              Tmut           17%        N/A       17%         5
 Freezing Cloud           Conj/Ice/Air   11%        6-21      47%         5
 Conjure Ball Lightning   Conj/Air       15%        3x3d6     82%         6
 Dragon Form              Tmut           17%        N/A       99%         7


Dungeon Overview and Level Annotations

Branches:
Dungeon (10/15)            Temple (1/1) D:6            Lair (3/5) D:10
  Snake (0/4) Lair:3          Orc (0/2) D:9
  Swamp: Lair:2-3    Shoals: Lair:2-3

Altars:
Ashenzari
Cheibriados
Dithmenos
Elyvilon
Fedhas
Gozag
Hepliaklqana
Kikubaaqudgha
Makhleb
Nemelex Xobeh
Okawaru
Qazlal
Ru
Sif Muna
Trog
Uskayaw
Vehumet
Wu Jian
Xom
Yredelemnul
Zin
The Shining One

Shops:
D:3 (   D:5 *   D:9 *

Annotations:
D:2 Sigmund
D:3 exclusion: ogre
D:5 1 runed translucent door
D:8 1 runed translucent door, Floobenga's ghost, novice MeEE
D:10 exclusion: orange crystal statue
Lair:3 exclusion: oklob plant


Innate Abilities, Weirdness & Mutations

You are immune to sickness and miasma.
Your stone body is resilient. (AC +8)
You are immune to poison.
You resist negative energy. (rN+)
You are resistant to electric shocks. (rElec)
You are resistant to unholy torment.
You are immune to petrification.


Message History

Sif Muna accepts your kill.
The naga flies into a frenzy!
The naga hits the naga with a +0 short sword!!
The naga grabs the naga.
The naga constricts the naga.
The naga hits the naga with a +0 mace!
The naga closely misses the naga.
The naga hits the naga with a +0 short sword!
The naga dies!
Sif Muna accepts your kill.
You hit the yak but do no damage. The yak gores you but does no damage.
You hit the yak but do no damage. The yak barely misses you. The yak gores you!
The naga hits the yak with a +0 short sword.
The naga closely misses the yak.
You completely miss the yak.
The naga barely misses the yak.
The naga grabs the yak.
The naga constricts the yak.
The yak gores you!
* * * LOW HITPOINT WARNING * * *
You barely miss the yak.
The naga completely misses the yak.
The naga constricts the yak.
The naga hits the yak with a +0 short sword!!
The yak dies!
Sif Muna accepts your kill.
Your Summonings skill increases to level 4!
Aim: a naga, wielding a +0 short sword (heavily wounded, fast, strong, frenzied and insane, 78% to hit)
The stone arrow hits the naga!!
You kill the naga!
Sif Muna accepts your kill.
Okay, then.
There is a stone staircase leading up here.
You start removing your armour.
You continue taking off your orb of mayhem. x4
You finish taking off your orb of mayhem.
There is a stone staircase leading up here.
H - the +3 woodcutter's axe (weapon)
{vorpal} You start resting.
Really walk into a travel-excluded area?
There is a stone staircase leading up here.
The oklob plant spits acid at you. The splash of acid hits you!
The acid corrodes you!
You can't see any susceptible monsters within range! (Use Z to cast anyway.)
The oklob plant spits acid at you. The splash of acid hits you!
The acid corrodes you!
There is a stone staircase leading up here.
Aim: an oklob plant (100% to hit)
The stone arrow hits the oklob plant!
The oklob plant spits acid at you. The splash of acid hits you!!
* * * LOW HITPOINT WARNING * * *
The acid corrodes you! The oklob plant spits acid at you.
The splash of acid hits you!
You die...

.............
........................
........................
........................
........P.....!..........
.............!...........
.....?...................
.#.........(.............
........@......####..##.#
.#.[...........# #######
......>.<.>..P(#
...............#
........<......#
##.............## #
#..............# #
#..............# #
#......P.......# #


You could see an oklob plant.

Vanquished Creatures
  2 hydras
  2 death yaks (Lair:3)
  2 oklob plants
  A cyclops (D:10)
  3 elephants (Lair:1)
  2 black mambas (Lair:3)
  Maurice (D:8)
  5 cane toads
  A kobold demonologist (D:10)
  2 komodo dragons (Lair:2)
  A rime drake (Lair:2)
  3 polar bears
  Grinder (D:5)
  Prince Ribbit (Lair:2)
  7 blink frogs
  A shadow (D:9)
  4 wyverns
  3 basilisks
  26 yaks
  A naga (Lair:3)
  9 water moccasins
  8 orc warriors
  A sky beast (D:7)
  5 black bears
  An ice beast (D:7)
  3 ogres
  A centaur (D:9)
  A phantom (D:4)
  3 kobold brigands
  10 bullfrogs
  10 scorpions
  2 gnoll sergeants
  5 wights (D:7)
  10 killer bees (D:9)
  A howler monkey (D:6)
  2 hounds (D:6)
  3 jellies
  2 gnoll boudas
  7 orc priests
  4 iguanas
  Ijyb (D:5)
  9 orc wizards
  8 adders
  15 gnolls
  An ufetubus (D:5)
  5 worms
  4 dart slugs
  37 orcs
  4 ball pythons
  6 endoplasms
  8 giant cockroaches
  11 goblins
  2 hobgoblins (D:4)
  4 jackals (D:1)
  4 quokkas
  2 bats
  2 frilled lizards
  21 kobolds
  5 rats
  2 butterflies
308 creatures vanquished.

Vanquished Creatures (collateral kills)
  A cane toad (Lair:2)
  A blink frog (Lair:2)
  2 yaks
  A naga (Lair:3)
  A water moccasin (Lair:2)
  4 gnolls (D:5)
10 creatures vanquished.

Vanquished Creatures (others)
  A yak (Lair:1)
  An orc wizard (D:6)
  13 fungi
  16 plants
  2 withered plants (D:8)
33 creatures vanquished.

Grand Total: 351 creatures vanquished

Notes
Turn   | Place    | Note
-------+----------+-------------------------------------------
     0 | D:1      | Lochraine the Gargoyle Earth Elementalist began the quest
                  | for the Orb.
     0 | D:1      | Reached XP level 1. HP: 10/10 MP: 3/3
   313 | D:1      | Reached skill level 1 in Transmutations
   353 | D:1      | Reached XP level 2. HP: 15/15 MP: 5/5
   652 | D:1      | Found a faded altar of an unknown god.
  1151 | D:2      | Reached XP level 3. HP: 19/19 MP: 6/6
  1275 | D:2      | Found a glowing silver altar of Zin.
  1369 | D:2      | Learned a level 2 spell: Passwall
  1402 | D:2      | Noticed Sigmund
  1439 | D:2      | Learned a level 3 spell: Stone Arrow
  2072 | D:3      | Reached XP level 4. HP: 24/24 MP: 4/8
  2241 | D:3      | Reached skill level 1 in Conjurations
  2632 | D:3      | Found Ysegaf's Antique Weapon Emporium.
  2749 | D:3      | Found a snail-covered altar of Cheibriados.
  2754 | D:3      | Noticed an ogre
  2889 | D:3      | Reached XP level 5. HP: 25/28 MP: 9/9
  3184 | D:3      | Killed an ogre
  3185 | D:3      | Reached skill level 5 in Earth Magic
  3333 | D:4      | Reached XP level 6. HP: 31/32 MP: 11/11
  3860 | D:5      | Entered Level 5 of the Dungeon
  3863 | D:5      | Noticed Ijyb
  3870 | D:5      | Killed Ijyb
  3922 | D:5      | Reached XP level 7. HP: 36/36 MP: 7/12
  4276 | D:5      | Noticed Grinder
  4839 | D:5      | Learned a level 4 spell: Petrify
  4887 | D:5      | Found Qeloyr's Assorted Antiques.
  4895 | D:5      | Bought a sedimented red potion for 28 gold pieces
  4895 | D:5      | Bought a scroll labelled PEMOUQ OGRO for 32 gold pieces
  5154 | D:5      | Reached XP level 8. HP: 38/41 MP: 14/14
  5202 | D:5      | Killed Grinder
  5262 | D:5      | Found a runed translucent door.
  5271 | D:5      | Found a runed translucent door.
  5314 | D:5      | Reached skill level 5 in Spellcasting
  5315 | D:5      | Reached skill level 5 in Conjurations
  5935 | D:6      | Reached XP level 9. HP: 27/45 MP: 11/17
  6105 | D:6      | Found a staircase to the Ecumenical Temple.
  6173 | Temple   | Entered the Ecumenical Temple
  6417 | Temple   | Became a worshipper of Sif Muna the Loreminder
  6504 | D:6      | Found a sparkling altar of Nemelex Xobeh.
  6933 | D:6      | Reached skill level 5 in Transmutations
  7769 | D:7      | Reached skill level 1 in Invocations
  7813 | D:7      | Found a glowing silver altar of Zin.
  8435 | D:7      | Reached XP level 10. HP: 50/50 MP: 19/19
  8471 | D:7      | Reached * piety under Sif Muna
  8541 | D:7      | Reached skill level 1 in Fighting
  8789 | D:8      | Noticed Maurice
  8816 | D:8      | Killed Maurice
  9250 | D:8      | Found a shadowy altar of Dithmenos.
  9465 | D:8      | Found a runed translucent door.
  9465 | D:8      | Noticed Floobenga's ghost (novice MeEE)
  9882 | D:8      | Learned a level 3 spell: Teleport Other
 10043 | D:8      | Found a blossoming altar of Fedhas.
 10055 | D:8      | Noticed an oklob plant
 10191 | D:8      | Killed an oklob plant
 10385 | D:8      | Found a sacrificial altar of Ru.
 10942 | D:9      | Reached skill level 1 in Translocations
 10997 | D:9      | Identified a scroll of acquirement
 11017 | D:9      | Acquired a scarf of resistance
 11408 | D:9      | Reached skill level 10 in Earth Magic
 11497 | D:9      | Found a staircase to the Orcish Mines.
 11799 | D:9      | Found Pirhuub's Assorted Antiques.
 11869 | D:9      | Reached ** piety under Sif Muna
 12082 | D:10     | Entered Level 10 of the Dungeon
 12095 | D:10     | Reached skill level 5 in Invocations
 12095 | D:10     | Reached XP level 11. HP: 55/60 MP: 22/22
 12398 | D:10     | Found an opulent altar of Gozag.
 12485 | D:10     | Noticed an orange crystal statue
 12508 | D:10     | Found a staircase to the Lair.
 13080 | D:10     | Noticed a cyclops
 13088 | D:10     | Killed a cyclops
 13228 | D:10     | Identified the +1 robe "Biojuf" {*Corrode rN++ Regen+}
 13309 | D:10     | Found a glowing golden altar of the Shining One.
 13318 | D:10     | Found a radiant altar of Vehumet.
 13612 | Lair:1   | Entered Level 1 of the Lair of Beasts
 13832 | Lair:1   | Reached skill level 5 in Fighting
 13999 | Lair:1   | Found a burning altar of Makhleb.
 14370 | Lair:1   | Learned a level 5 spell: Irradiate
 15167 | Lair:2   | Reached XP level 12. HP: 66/69 MP: 24/24
 15456 | Lair:2   | Reached *** piety under Sif Muna
 15931 | Lair:2   | Noticed a four-headed hydra
 15939 | Lair:2   | Killed a four-headed hydra
 15970 | Lair:2   | Noticed Prince Ribbit
 15974 | Lair:2   | Killed Prince Ribbit
 16204 | Lair:2   | Acquired Rasiezix's Vellum of the Impact
 16214 | Lair:2   | Learned a level 7 spell: Spellforged Servitor
 16552 | Lair:2   | Reached skill level 1 in Summonings
 16730 | Lair:3   | Noticed a six-headed hydra
 16737 | Lair:3   | Killed a six-headed hydra
 17318 | Lair:3   | Noticed a death yak
 17318 | Lair:3   | Noticed a death yak
 17363 | Lair:3   | Killed a death yak
 17364 | Lair:3   | Reached skill level 10 in Conjurations
 17364 | Lair:3   | Killed a death yak
 17365 | Lair:3   | Reached skill level 5 in Dodging
 17474 | Lair:3   | Noticed a death yak
 17482 | Lair:3   | Noticed a death yak
 17483 | Lair:3   | Noticed a death yak
 17514 | Lair:3   | Found a staircase to the Snake Pit.
 17690 | Lair:3   | Killed from afar by an oklob plant

Illustrated notes

Levels and vault maps discovered:
D:1:      wander_arrival_chamber, layout_basic,
          hellmonk_ecumenical_altar_inner_sanctum, minmay_misc_feat_four_crosses
D:2:      layout_loops_ring, basic_altar, st_stairs_10,
          chequers_serial_rivers_micro_d, uniq_sigmund
D:3:      layout_basic, mainiacjoe_overflow_alcove_1, serial_shops,
          nicolae_shop_crystal, guppyfry_early_lair_pool
D:4:      layout_rooms
D:5:      lemuel_insect_pit, layout_loops_ring, serial_shops,
          nicolae_shop_competitors_out_of_business,
          pf_guarded_unrand_woodcutter, uniq_ijyb, uniq_grinder
D:6:      layout_basic, nemelex_xobeh_ov_fountains_minmay,
          minmay_temple_entry_hall
D:7:      layout_gridville, mainiacjoe_overflow_brackets
D:8:      layout_rooms, nicolae_ru_the_path_less_chosen, tgw_fedhas,
          lemuel_tele_altar, gammafunk_ghost_grave, grunt_ministairs_13,
          uniq_maurice
D:9:      layout_cave_pods, david_orc_2, serial_shops, nicolae_stop_n_shop_1
D:10:     minmay_statue_hallways, layout_loops_corners,
          nicolae_gozag_cash_rules_everything_around_me,
          mainiacjoe_overflow_swirl, lair_entry_dummy, minmay_misc_feat_tiny,
          hangedman_glass_garden
Temple:   hellmonk_temple_forest_ring
Lair:1:   layout_loops_ring, basic_altar, grunt_megastairs_1
Lair:2:   layout_chaotic_city, chequers_serial_rivers_micro_b,
          serial_bayou_shore_b, grunt_megastairs_3, infiniplex_staircase_pool,
          uniq_prince_ribbit2
Lair:3:   dpeg_oklob_shooting_range, layout_big_grid, swamp_mist,
          minmay_snake_entry_guardpost_small, uniq_gastronok

Skill      XL: |  1  2  3  4  5  6  7  8  9 10 11 12 |
---------------+-------------------------------------+-----
Transmutations | 1 2 3 4 5 6 |  6.2
Earth Magic    | 4 5 6 7 9 10 | 10.5
Conjurations   | 1 2 3 4 5 7 8 10 | 10.2
Spellcasting   | 3 4 5 6 7 8 |  8.3
Invocations    | 2 5 6 |  6.5
Fighting       | 3 5 7 |  7.8
Translocations | 2 4 |  4.0
Dodging        | 3 5 |  5.1
Stealth        | 4 |  4.3
Summonings     | 4 |  4.0

Action                   |  1- 3 |  4- 6 |  7- 9 | 10-12 || total
-------------------------+-------+-------+-------+-------++-------
Melee: Dagger            |    39 |    54 |       |       ||    93
       Battleaxe         |       |       |   118 |    84 ||   202
       Staff             |       |       |       |     7 ||     7
 Cast: Sandblast         |    33 |    62 |    90 |   116 ||   301
       Passwall          |       |     2 |       |       ||     2
       Stone Arrow       |       |     1 |    50 |   212 ||   263
       Irradiate         |       |       |       |     5 ||     5
Invok: Channel Magic     |       |       |       |     2 ||     2
Evoke: Wand              |       |       |       |     5 ||     5
       Tin of tremorston |       |       |       |     2 ||     2
  Use: Scroll            |       |     5 |     8 |    16 ||    29
       Potion            |       |       |       |     5 ||     5
 Stab: Sleeping          |     4 |     2 |       |       ||     6
       Distracted        |       |       |     1 |       ||     1
Armor: Robe              |    12 |    21 |    55 |   152 ||   240
Dodge: Dodged            |    25 |    45 |    88 |   139 ||   297
